 Dungeon Crawl Stone Soup version 0.28.0 (webtiles) character file.

Game seed: 12021564472261867447

82 RighteousDevil the Conjurer (level 4, -1/28 HPs)
             Began as a Tengu Conjurer on Feb 10, 2022.
             Slain by an adder (3 damage)
             ... on level 2 of the Dungeon.
             The game lasted 00:02:45 (2369 turns).

RighteousDevil the Conjurer (Tengu Conjurer)        Turns: 2369, Time: 00:02:46

Health: -1/28      AC:  6    Str:  9    XL:     4   Next: 43%
Magic:  8/8        EV: 12    Int: 19    God:
Gold:   56         SH:  0    Dex: 12    Spells: 2/7 levels left

rFire   . . .      SeeInvis .   a - +0 short sword (speed)
rCold   . . .      Faith    .   (no shield)
rNeg    . . .      Spirit   .   e - +3 leather armour
rPois   .          Reflect  .   (helmet restricted)
rElec   .          Harm     .   (no cloak)
rCorr   .          Rampage  .   (no gloves)
Will    .....                   (boots unavailable)
Stlth   ++........              (no amulet)
HPRegen 0.09/turn               (no ring)
MPRegen 0.11/turn               (no ring)

@: mighty, lethally poisoned (-1 -> -7)
A: beak, talons 3, robust 1, MP-powered wands
a: no special abilities


You were on level 2 of the Dungeon.
You visited 1 branch of the dungeon, and saw 2 of its levels.

You collected 56 gold pieces.

Inventory:

Hand Weapons
 a - a +0 short sword of speed (weapon)
Armour
 e - a +3 leather armour (worn)
Wands
 h - a wand of polymorph (4)
Scrolls
 c - a scroll of enchant armour {unknown}
 f - a scroll of fear {unknown}
 g - a scroll of amnesia {unknown}


   Skills:
 - Level 2.0 Fighting
 * Level 2.4 Short Blades
 * Level 3.0 Dodging
 - Level 2.0 Stealth
 - Level 2.0 Spellcasting
 - Level 5.3 Conjurations
 + Level 0.5 Hexes


You had 2 spell levels left.
You knew the following spells:

 Your Spells              Type           Power      Damage    Failure   Level
a - Magic Dart            Conj           88%        1d7       2%          1
b - Searing Ray           Conj           44%        2d6       4%          2
c - Blink                 Tloc           2%         N/A       34%         2

Your spell library contained the following spells:

 Spells                   Type           Power      Damage    Failure   Level
 Summon Small Mammal      Summ           4%         N/A       24%         1
 Dazzling Flash           Conj/Hex       24%        N/A       22%         3
 Summon Guardian Golem    Hex/Summ       2%         N/A       54%         3
 Call Canine Familiar     Summ           1%         N/A       56%         3
 Fulminant Prism          Conj/Hex       6%         3d7       58%         4
 Iskenderun's Mystic Bla  Conj/Tloc      11%        2d4       63%         4
 Manifold Assault         Tloc           1%         N/A       100%        5
 Storm Form               Tmut/Air       0%         N/A       100%        7


Dungeon Overview and Level Annotations

Branches:
Dungeon (2/15)

Altars:

Shops:
D:1 ?


Innate Abilities, Weirdness & Mutations

You have a beak for a mouth.
You have claws for feet.
You are robust. (+10% HP)
You expend magic power (3 MP) to strengthen your wands.


Message History

No target in view!
No target in view!
The adder hisses angrily.
The adder closely misses you.
You hit the adder but do no damage. Your peck misses the adder.
You barely miss the adder. The adder bites you.
You hit the adder but do no damage. Your kick misses the adder.
The adder barely misses you.
You hit the adder. Your kick misses the adder.
The adder is moderately wounded.
The adder bites you.
You are poisoned.
The adder poisons you!
You hit the adder but do no damage. You claw the adder.
The adder is heavily wounded.
You feel sick. The adder bites you.
You hit the adder. Your kick misses the adder.
The adder is heavily wounded.
You feel sick. The adder closely misses you.
You hit the adder. Your kick misses the adder. Your peck misses the adder.
The adder is severely wounded.
The adder bites you but does no damage.
You hit the adder but do no damage. Your kick misses the adder.
Your peck misses the adder.
The adder is severely wounded.
You feel sick. The adder bites you.
* * * LOW HITPOINT WARNING * * *
You are lethally poisoned!
The adder poisons you!
It was a potion of mutation.
You feel extremely strange.
You feel your magical essence link to the dungeon's wands.
You feel robust.
* * * LOW HITPOINT WARNING * * *
You feel sick. The adder bites you.
* * * LOW HITPOINT WARNING * * *
It was a potion of might.
You feel very mighty all of a sudden.
* * * LOW HITPOINT WARNING * * *
You feel sick. The adder bites you.
You die...

#.#####.# #.#
#.......# #.#
######### #.#
######### ####.#
#.. ..... ..##.#
#.###..# #.##.#
#......# #.##.#
#S.....######.##.#
#@....†...........
#......######.....
#.............#...
#.....##########.#
###.### ### #.#
#.........# #.#
##.######.# ##+#
### #.# ##... ###
#.###....


You could see an adder.

Vanquished Creatures
  4 adders (D:2)
  4 worms (D:2)
  An orc (D:2)
  2 bats
  An endoplasm (D:1)
  A giant cockroach (D:2)
  4 goblins
  2 hobgoblins (D:1)
  7 kobolds (D:1)
  2 quokkas (D:1)
  3 ball pythons (D:1)
  5 frilled lizards
  A rat (D:1)
37 creatures vanquished.

Notes
Turn   | Place    | Note
-------+----------+-------------------------------------------
     0 | D:1      | RighteousDevil the Tengu Conjurer began the quest for the
                  | Orb.
     0 | D:1      | Reached XP level 1. HP: 10/10 MP: 4/4
   113 | D:1      | Reached skill level 1 in Fighting
   418 | D:1      | Reached XP level 2. HP: 16/16 MP: 6/6
   627 | D:1      | Found Iqeoch's Magic Scroll Shoppe.
   678 | D:1      | Reached skill level 1 in Short Blades
   761 | D:1      | Reached XP level 3. HP: 16/21 MP: 7/7
  1101 | D:1      | Learned a level 2 spell: Searing Ray
  1202 | D:2      | Learned a level 2 spell: Blink
  1658 | D:2      | Reached XP level 4. HP: 24/26 MP: 8/8
  2368 | D:2      | Gained mutation: You expend magic power (3 MP) to
                  | strengthen your wands. [potion of mutation]
  2368 | D:2      | Gained mutation: You are robust. (+10% HP) [potion of
                  | mutation]
  2369 | D:2      | Slain by an adder

Illustrated notes

Levels and vault maps discovered:
D:1:      shiori_arrival_maze, layout_loops_ring, serial_shops,
          nicolae_shop_trees, minmay_tromino_v7
D:2:      layout_loops_corners, kennysheep_path_1

Skill      XL: |  1  2  3  4 |
---------------+-------------+-----
Fighting       | 1 2 |  2.0
Short Blades   | 1 2 |  2.4
Dodging        | 3 |  3.0
Stealth        | |  2.0
Spellcasting   | |  2.0
Conjurations   | |  5.3
Hexes          | |  0.5

Action                   |  1- 3 |  4- 6 || total
-------------------------+-------+-------++-------
Melee: Short sword       |   101 |    30 ||   131
       Kick              |    22 |     7 ||    29
       Peck              |    11 |     2 ||    13
       Punch             |     2 |       ||     2
 Cast: Magic Dart        |    13 |       ||    13
  Use: Potion            |       |     2 ||     2
 Stab: Sleeping          |     4 |     1 ||     5
Armor: Robe              |     1 |       ||     1
       Leather armour    |    27 |     5 ||    32
Dodge: Dodged            |    40 |    17 ||    57
